Map: Galactic Process LE

Players

HeroMarine - Winner!

  • Race: Terran Terran

Major (SpeCial)

  • Race: Terran Terran

Event: 2016 WCS Summer Circuit Championship (DH Montreal)

VOD

https://www.youtube.com/watch?v=4ju4487sOxM

Description

Time

  • Played on: Aug. 13, 2016, 5:10 p.m.
  • Length: 16:43

All games in this series

Show
View Real Time Build Order
Export as new Build Order

HeroMarine Terran - Winner!

Build Orders: Reaper Expand, Bio Tank 

Get SALT Encoding   

  12  0:00  SCV  
  13  0:12  SCV  
  14  0:17  Supply Depot  
  14  0:24  SCV  
  15  0:39  SCV  
  15  0:40  Barracks  
  16  0:43  Refinery  
  16  0:51  SCV  
  17  1:03  SCV  
  18  1:15  SCV  
  19  1:27  Reaper, Orbital Command  
  20  1:43  Command Center  
  20  1:52  Supply Depot  
  20  1:54  SCV  
  20  1:59  Reaper  
  22  2:06  SCV  
  23  2:19  SCV  
  24  2:23  Factory  
  24  2:31  SCV  
  26  2:40  Barracks Reactor  
  26  2:43  SCV  
  26  2:47  Command Center  
  26  2:49  Refinery  
  26  2:55  SCV  
  26  2:58  Orbital Command  
  27  3:08  SCV  
  27  3:10  Hellion  
  30  3:17  Starport  
  30  3:18  Marine  
  31  3:22  Marine  
  32  3:27  SCV  
  32  3:28  SCV  
  34  3:38  Marine  
  34  3:39  Marine, SCV  
  34  3:40  SCV  
  34  3:49  Factory Tech Lab  
  34  3:52  SCV x2  
  34  3:55  Viking  
  38  3:56  Marine  
  38  3:57  Marine  
  38  4:00  Orbital Command  
  40  4:08  Cyclone  
  40  4:09  SCV  
  44  4:14  Marine  
  44  4:15  Engineering Bay, Marine  
  44  4:21  SCV  
  43  4:32  Marine  
  43  4:33  Marine, SCV  
  43  4:34  SCV  
  43  4:35  Viking  
  49  4:40  Siege Tank  
  52  4:45  Missile Turret  
  52  4:48  SCV x3  
  55  4:55  Missile Turret, Marine  
  55  4:56  Marine  
  57  5:00  SCV x2  
  57  5:06  Supply Depot  
  59  5:10  Viking  
  61  5:19  Missile Turret, SCV  
  61  5:24  SCV  
  61  5:27  Marine x2, Siege Tank  
  66  5:30  SCV  
  66  5:31  SCV  
  68  5:37  SCV  
  69  5:45  Terran Infantry Weapons Level 1  
  69  5:46  Barracks  
  69  5:47  Barracks  
  69  5:48  Engineering Bay, Refinery  
  69  5:50  Refinery  
  69  5:51  Supply Depot, SCV x2  
  69  5:56  SCV  
  72  6:00  Orbital Command  
  72  6:03  SCV  
  73  6:06  Barracks Tech Lab  
  73  6:10  Viking  
  73  6:11  Viking  
  77  6:17  SCV  
  77  6:18  SCV  
  79  6:22  Terran Infantry Armor Level 1  
  79  6:24  Missile Turret  
  79  6:25  Marine  
  79  6:27  Stimpack  
  79  6:31  SCV x2  
  82  6:33  SCV  
  82  6:36  Supply Depot  
  82  6:38  Barracks Reactor  
  83  6:40  Barracks Reactor  
  83  6:46  Supply Depot  
  83  6:47  SCV  
  83  6:48  SCV  
  83  6:51  Starport Reactor  
  83  6:53  SCV  
  84  6:58  Siege Tank  
  84  6:59  Marine x3  
  84  7:00  SCV  
  91  7:01  SCV  
  91  7:05  SCV  
  93  7:13  Barracks x2  
  93  7:16  SCV x2  
  93  7:17  SCV, Armory  
  93  7:18  Marine  
  93  7:20  Marine x2  
  99  7:26  Marine x2  
  101  7:34  Medivac  
  101  7:40  Supply Depot  
  101  7:41  Supply Depot, Marine x3, Medivac  
  101  7:42  SCV x3  
  109  7:46  Refinery  
  109  7:47  Refinery  
  109  7:57  Sensor Tower  
  109  8:01  Barracks Reactor, Marine x3  
  109  8:02  Barracks Reactor, SCV x2  
  109  8:04  Supply Depot  
  114  8:06  Supply Depot  
  114  8:10  Siege Tank  
  114  8:11  SCV  
  114  8:14  Factory  
  114  8:15  SCV  
  114  8:18  Terran Infantry Weapons Level 2  
  115  8:24  Marine, Terran Infantry Armor Level 2  
  115  8:25  Marine  
  115  8:26  Marine x2  
  119  8:28  Marine  
  119  8:41  Marine x3  
  121  8:42  Medivac, Siege Tank, Marine x2  
  121  8:43  Medivac  
  121  8:46  Marine  
  121  8:47  Marine  
  133  8:52  Marine x2  
  135  8:56  Combat Shields  
  135  8:58  Factory Tech Lab, Marine, Terran Vehicle Weapons Level 1  
  135  8:59  Marine x2  
  135  9:00  Marine  
  135  9:01  Supply Depot, Marine  
  140  9:04  Marine  
  140  9:06  Marine  
  140  9:18  Marine  
  140  9:23  Marine x6, Siege Tank  
  149  9:24  Marine  
  149  9:27  Marine  
  149  9:31  Supply Depot  
  149  9:32  Supply Depot  
  149  9:36  Marine, Siege Tank  
  144  9:40  Marine x5  
  144  9:42  Marine  
  145  9:47  Marine x2  
  145  9:51  Medivac x2  
  145  9:54  Marine  
  145  9:55  Siege Tank  
  145  9:58  Marine  
  150  10:01  Marine x2  
  152  10:08  Siege Tank  
  152  10:12  Marine x2  
  152  10:13  Marine x4  
  125  10:16  Marine  
  125  10:19  Marine x2  
  124  10:22  Medivac x2  
  124  10:23  SCV  
  124  10:27  Siege Tank  
  132  10:30  Marine x2  
  132  10:31  Marine x4  
  132  10:34  Marine  
  139  10:36  Marine  
  139  10:37  Marine  
  141  10:43  Command Center  
  141  10:47  Siege Tank  
  141  10:48  Marine x2  
  146  10:58  Terran Infantry Weapons Level 3  
  146  10:59  Siege Tank  
  146  11:02  Marine x2  
  142  11:04  Marine  
  142  11:05  Marine x2  
  142  11:10  Marine x3  
  148  11:12  Marine  
  149  11:20  Marine  
  149  11:21  Terran Infantry Armor Level 3  
  150  11:30  Marine x2  
  139  11:33  Marine  
  139  11:34  Medivac x2  
  139  11:35  Siege Tank x2  
  150  11:41  Marine x2  
  150  11:45  Marine  
  150  11:46  Marine x2  
  155  11:57  Marine x2  
  155  11:58  Marine x3  
  155  11:59  Marine  
  129  12:03  Marine x2  
  129  12:04  Marine  
  129  12:07  Siege Tank  
  129  12:13  Siege Tank  
  129  12:15  Marine x3  
  133  12:16  Marine x3  
  133  12:21  Marine x3  
  140  12:27  Planetary Fortress  
  140  12:32  Marine  
  140  12:33  Marine x3  
  140  12:36  Marine x2  
  143  12:39  Marine  
  143  12:40  Marine, Siege Tank  
  143  12:41  Marine  
  149  12:50  Marine x2  
  145  12:53  Marine  
  145  12:58  Marine x3  
  142  12:59  Marine x2  
  142  13:00  Marine, Siege Tank  
  127  13:05  Medivac  
  127  13:07  Medivac  
  127  13:08  Marine x2  
  127  13:11  Marine  
  134  13:16  Marine x4  
  134  13:17  Siege Tank  
  141  13:20  Marine  
  141  13:21  Marine  
  141  13:26  Marine x2  
  144  13:29  Marine  
  144  13:32  Sensor Tower  
  144  13:33  Marine  
  146  13:34  Siege Tank  
  146  13:35  Marine x2, Medivac  
  146  13:37  Medivac  
  146  13:41  Marine x3  
  157  13:49  Marine x2  
  157  13:52  Marine  
  157  13:55  Marine, Siege Tank  
  163  13:56  Marine x2  
  163  13:59  Marine x2  
  165  14:05  Medivac  
  165  14:06  Marine, Siege Tank  
  165  14:07  Marine x2, Medivac  
  175  14:11  Marine  
  175  14:13  Marine, Refinery  
  175  14:14  Marine x2  
  179  14:22  Supply Depot x2  
  179  14:23  Supply Depot, Marine x2  
  180  14:30  Siege Tank  
  180  14:32  Marine x3  
  180  14:35  Marine x2  
  180  14:37  Marine  
  174  14:41  Marine x2  
  174  14:42  Marine  
  174  14:43  Siege Tank  
  172  14:50  Marine  
  173  14:52  Medivac  
  173  14:53  Medivac, Marine x2  
  173  14:59  Marine x3  
  180  15:02  Siege Tank  
  183  15:14  Marine x2  
  183  15:21  Marine x2  
  183  15:22  Siege Tank  
  183  15:23  Marine x2  
  187  15:31  Marine x3  
  188  15:38  Marine x2  
  188  15:41  Marine x3  
  190  15:48  Marine  
  190  15:49  Marine  
  192  15:52  Siege Tank  
  173  16:06  Marine x3  
  173  16:07  Marine x3, Siege Tank  
  173  16:08  Marine x3  
  156  16:24  Marine x3  
  156  16:25  Marine x4  
Show
View Real Time Build Order
Export as new Build Order

Major Terran 

Build Orders: Reaper Expand, Bio Tank, Hellion Banshee 

Get SALT Encoding   

  12  0:00  SCV  
  13  0:12  SCV  
  14  0:17  Supply Depot  
  14  0:24  SCV  
  15  0:29  Refinery  
  15  0:39  SCV  
  16  0:45  Barracks  
  16  0:51  SCV  
  17  1:03  SCV  
  18  1:15  SCV  
  19  1:32  Reaper, Orbital Command  
  20  1:47  Command Center  
  20  1:59  Factory  
  20  2:02  SCV  
  20  2:06  Barracks Reactor  
  21  2:12  Supply Depot  
  21  2:15  SCV  
  22  2:27  SCV  
  23  2:40  SCV  
  23  2:41  Refinery  
  24  2:44  Starport  
  24  2:49  Hellion x2  
  28  2:52  SCV  
  28  2:55  Barracks Tech Lab  
  29  3:02  Orbital Command  
  29  3:04  SCV  
  29  3:15  Hellion x2  
  29  3:18  SCV  
  34  3:30  SCV x2  
  36  3:37  Hellion  
  36  3:38  Hellion  
  40  3:46  SCV x2  
  40  3:48  Cloaking Field  
  41  3:50  Banshee  
  44  3:58  SCV x2  
  44  4:01  Supply Depot  
  46  4:11  Factory Tech Lab  
  46  4:22  Marine x2, SCV x2  
  50  4:25  Command Center  
  50  4:30  Siege Tank  
  51  4:33  Supply Depot  
  51  4:36  SCV  
  51  4:38  SCV  
  53  4:48  SCV  
  54  4:54  Banshee, Marine x2, SCV  
  54  4:57  Supply Depot  
  60  5:00  SCV  
  60  5:06  SCV  
  62  5:09  Supply Depot  
  62  5:18  Siege Tank, SCV x2  
  67  5:23  Engineering Bay  
  67  5:24  Engineering Bay  
  67  5:27  Refinery  
  67  5:28  Refinery  
  67  5:30  SCV  
  67  5:33  SCV  
  67  5:34  Marine x2  
  66  5:39  Raven  
  66  5:43  SCV  
  66  5:44  Orbital Command  
  66  5:46  SCV  
  68  5:52  Marine x2  
  68  5:54  Siege Tank  
  68  5:55  SCV  
  74  5:58  Supply Depot  
  74  5:59  SCV  
  75  6:05  Terran Infantry Weapons Level 1  
  75  6:07  SCV  
  75  6:09  Marine x2, SCV  
  79  6:11  SCV  
  80  6:19  Terran Infantry Armor Level 1, SCV  
  80  6:21  Supply Depot, SCV  
  82  6:30  Barracks x2  
  82  6:32  SCV x2  
  84  6:34  SCV  
  84  6:39  Barracks  
  85  6:40  Viking x2, Marine, Barracks  
  85  6:42  Stimpack  
  85  6:44  SCV x2  
  85  6:46  SCV  
  93  6:51  Siege Tank  
  93  6:55  Supply Depot  
  93  6:56  SCV x2  
  93  6:58  Marine, SCV  
  97  7:04  Refinery  
  97  7:05  Refinery  
  97  7:08  SCV x2  
  97  7:09  Viking  
  97  7:10  Viking, SCV  
  104  7:16  Marine  
  104  7:18  Supply Depot  
  104  7:19  Barracks Reactor x2  
  104  7:20  SCV x2  
  104  7:22  Armory  
  107  7:27  SCV  
  108  7:32  SCV  
  108  7:33  Barracks Reactor, SCV  
  108  7:34  Barracks Reactor  
  109  7:39  Viking, SCV  
  109  7:40  Viking  
  109  7:41  Marine  
  115  7:45  SCV x2  
  115  7:49  Siege Tank  
  120  7:51  SCV  
  120  7:56  Supply Depot, Marine x2  
  120  7:57  Supply Depot, Factory, Marine x2, SCV  
  124  8:00  Marine  
  125  8:12  Viking  
  125  8:16  Supply Depot, Terran Vehicle Weapons Level 1  
  125  8:17  Marine  
  125  8:18  Supply Depot, Viking, Marine x2, SCV  
  125  8:19  Marine x6  
  136  8:21  Supply Depot  
  136  8:23  Terran Infantry Weapons Level 2  
  137  8:35  Marine  
  137  8:36  Marine x3, Terran Infantry Armor Level 2  
  137  8:39  Marine x2  
  137  8:40  Marine  
  144  8:42  Factory Tech Lab, Medivac  
  144  8:43  Marine x2  
  148  8:52  Supply Depot  
  148  8:53  Marine  
  148  8:54  Marine x3  
  152  8:57  Marine x3  
  152  8:59  Siege Tank  
  152  9:01  Marine  
  152  9:02  Marine  
  160  9:11  Marine  
  160  9:12  Supply Depot, Marine x3  
  160  9:15  Marine x3  
  167  9:19  Marine x2  
  163  9:29  Marine x2  
  163  9:30  Marine  
  163  9:31  Marine  
  165  9:33  Marine, Siege Tank  
  165  9:34  Marine, Siege Tank  
  165  9:37  Marine  
  167  9:42  Marine x2  
  169  9:48  Supply Depot  
  169  9:49  Supply Depot  
  169  9:52  Combat Shields  
  168  10:09  Marine x2, Siege Tank  
  168  10:10  Marine, Siege Tank, Medivac x2  
  168  10:11  Marine  
  154  10:18  Marine  
  154  10:19  Marine x2  
  154  10:20  Marine x2  
  149  10:27  Marine x2  
  149  10:28  Marine  
  151  10:29  Marine  
  153  10:36  Marine x3  
  153  10:38  Marine x2  
  153  10:40  Medivac  
  153  10:41  Siege Tank  
  163  10:43  Siege Tank  
  163  10:44  Marine  
  163  10:45  Marine  
  163  10:46  Marine, SCV x2  
  163  10:47  Marine, Refinery  
  172  10:54  Marine x3  
  172  10:56  Marine x2  
  177  11:02  Marine x2  
  177  11:04  Marine x2  
  151  11:05  Medivac  
  151  11:10  Medivac  
  156  11:12  Marine x3  
  156  11:14  Marine x2  
  156  11:18  Siege Tank  
  164  11:20  Marine x2  
  164  11:21  Marine  
  164  11:22  Marine  
  168  11:26  Supply Depot  
  168  11:30  Marine x3  
  168  11:31  Marine x2  
  155  11:37  Siege Tank  
  155  11:38  Marine x2  
  155  11:39  Marine  
  159  11:40  Marine  
  158  11:47  Marine  
  158  11:48  Marine x2  
  158  11:49  Marine x2  
  163  11:56  Marine x2  
  163  11:57  Marine  
  163  11:58  Marine  
  120  12:05  Marine x2  
  120  12:06  Marine  
  120  12:07  Marine x2  
  114  12:11  Siege Tank x2  
  114  12:14  Marine x2  
  114  12:15  Marine  
  120  12:16  Marine  
  121  12:23  Marine x3  
  121  12:25  Marine x2  
  121  12:27  Terran Infantry Weapons Level 3  
  126  12:31  Marine x2  
  126  12:33  Marine  
  126  12:34  Marine  
  130  12:41  Marine x3  
  130  12:43  Marine x2, Siege Tank  
  137  12:49  Marine x2  
  137  12:50  Marine  
  133  12:51  Marine  
  126  13:03  Marine x2  
  126  13:04  Marine x2  
  126  13:05  Marine  
  117  13:07  Marine x2, Siege Tank  
  117  13:08  Marine  
  117  13:09  Marine, Medivac  
  117  13:10  Medivac  
  128  13:21  Marine x2  
  128  13:22  Marine x3  
  128  13:25  Marine x2  
  128  13:26  Marine  
  136  13:27  Siege Tank  
  136  13:29  Marine  
  140  13:39  Marine x2, Siege Tank  
  140  13:40  Marine x3  
  148  13:43  Marine x2, Medivac  
  148  13:44  Marine  
  148  13:47  Marine  
  151  13:56  Marine  
  151  13:57  Marine  
  151  13:58  Marine x3  
  151  14:00  Marine  
  157  14:05  Marine x2  
  157  14:08  Medivac  
  157  14:09  Marine  
  162  14:17  Marine  
  162  14:23  Marine x2  
  165  14:27  Marine  
  165  14:29  Marine x2  
  165  14:30  Orbital Command  
  163  14:35  Marine x3  
  163  14:36  Marine  
  167  14:41  Marine x2  
  168  14:49  Marine x2  
  169  15:01  Marine x3  
  169  15:02  Marine x2  
  174  15:08  Siege Tank  
  174  15:10  Siege Tank  
  174  15:12  Marine  
  181  15:14  Marine  
  173  15:23  Marine  
  173  15:26  Marine  
  173  15:27  Marine  
  173  15:35  Marine x3  
  170  15:38  Marine  
  170  15:40  Siege Tank  
  170  15:41  Marine  
  170  15:42  Siege Tank  
  177  15:43  Medivac  
  177  15:47  Marine x2  
  177  15:48  Marine x2  
  183  15:53  Marine  
  183  16:01  Marine  
  183  16:02  Marine  
  177  16:07  Marine  
  124  16:12  Marine x3  
  124  16:16  Marine  
  124  16:24  Marine x2  
Tags
 
Add a new tag
Caveats
  • Supply blocks, unpowered buildings, or Contaminate may cause inaccurate times.
  • Supply counts are checked every 10 seconds.